 Dungeon Crawl Stone Soup version 0.32-a0-540-g866d13106e (webtiles) character file.

Game seed: 9712779383729222108

56 Wetcigarette the Slasher (level 3, 0/33 HPs)
             Began as a Minotaur Berserker on Feb 29, 2024.
             Was a Believer of Trog.
             Slain by Grinder (6 damage)
             ... on level 3 of the Dungeon.
             The game lasted 00:12:20 (1520 turns).

Wetcigarette the Slasher (Minotaur Berserker)       Turns: 1520, Time: 00:12:21

Health: 0/33       AC:  4    Str: 19 (21) XL:     3   Next: 71%
Magic:  2/2        EV: 12    Int:  8 (10) God:    Trog [**....]
Gold:   52         SH:  0    Dex:  8 (11) Spells: 2/2 levels left

rFire   + . .        a - +1 falchion
rCold   x . .        (no shield)
rNeg    . . .        b - +0 animal skin
rPois   .            (helmet restricted)
rElec   .            j - +0 cloak
rCorr   .            h - +0 pair of gloves
SInv    .            (no boots)
Will    .....        (no amulet)
Stlth   +            i - ring of fire
HPRegen 0.25/turn    m - +6 ring of intelligence
MPRegen 0.08/turn

%: no passive effects
@: no status effects
A: horns 2, retaliatory headbutt
a: Renounce Religion, Berserk, Trog's Hand


You were on level 3 of the Dungeon.
You worshipped Trog.
Trog was pleased with you.
You visited 1 branch of the dungeon, and saw 3 of its levels.

You collected 52 gold pieces.

Inventory:

Hand Weapons
 a - a +1 falchion (weapon)
Armour
 b - a +0 animal skin (worn)
 h - a +0 pair of gloves (worn)
 j - a +0 cloak (worn)
Jewellery
 i - a ring of fire (left hand)
 m - a +6 ring of intelligence (right hand)
Scrolls
 c - a scroll of brand weapon {unknown}
 d - a scroll of enchant weapon
 e - 3 scrolls of identify {unknown}
 g - 2 scrolls of enchant armour {unknown}
Potions
 l - a potion of curing {unknown}


   Skills:
 + Level 4.2 Fighting
 + Level 4.7 Long Blades
 + Level 2.7 Armour
 + Level 2.7 Dodging


You had 2 spell levels left.
You didn't know any spells.
Your spell library was empty.

Dungeon Overview and Level Annotations

Branches:
Dungeon (2/15)

Altars:

Annotations:
D:3 Grinder


Innate Abilities, Weirdness & Mutations

You have a pair of horns on your head.
You reflexively headbutt those who attack you in melee.


Message History

You kill the hobgoblin!
Trog accepts your kill.
Grinder blinks!
Grinder gestures at you. Pain shoots through your body!
What are your orders? t - Shout!
Orders for allies: a - Attack new target. r - Retreat! s - Stop attacking. g - Guard the area. f - Follow me.
Anything else - Cancel.
Okay, then.
You drop a +0 dagger.
Grinder says, "Don't move a muscle."
Grinder gestures at you.
You suddenly lose the ability to move!
Grinder hits you.
You can move again.
You hit Grinder.
Grinder is lightly wounded.
Grinder blinks!
Grinder blinks!
Found a scroll labelled BIMAIP TOM.
Grinder gestures at you. Pain shoots through your body!
You barely miss Grinder.
Grinder is lightly wounded.
Grinder hits you.
You writhe in agony.
You closely miss Grinder.
Grinder is lightly wounded.
Grinder hits you.
You writhe in agony.
You hit Grinder but do no damage. You headbutt Grinder, but do no damage.
Grinder is lightly wounded.
Grinder blinks!
Grinder says, "Wait up."
Grinder hits you!
* * * LOW HITPOINT WARNING * * *
You writhe in agony.
You die...
Grinder says, "Now the real fun starts!"

####### ####
####.....# #..
.........##### #.#
####......)..###.####
#....5...###...†....#
#.##.##@....#
#####.#...
#.?.....##### #.....
#.......#
#########..)..
####.####
#............. #.
#............. #
#.............
#.......#....<
#.......##....
#.......##....


You could see Grinder.

Vanquished Creatures
  3 dart slugs
  2 ribbon worms (D:3)
  7 ball pythons
  8 endoplasms
  A giant cockroach (D:1)
  5 hobgoblins
  4 kobolds
  3 quokkas
  3 bats
  3 frilled lizards (D:1)
  2 goblins
  A rat (D:1)
42 creatures vanquished.

Notes
Turn   | Place    | Note
-------+----------+-------------------------------------------
     0 | D:1      | Wetcigarette the Minotaur Berserker began the quest for the
                  | Orb.
     0 | D:1      | Reached XP level 1. HP: 19/19 MP: 0/0
   287 | D:1      | Reached XP level 2. HP: 24/27 MP: 1/1
  1005 | D:1      | Reached XP level 3. HP: 33/33 MP: 2/2
  1006 | D:1      | Reached ** piety under Trog
  1370 | D:2      | You fall into a shaft and drop 1 floor!
  1486 | D:3      | Noticed Grinder
  1487 | D:3      | Paralysed by Grinder for 5 turns
  1505 | D:3      | Paralysed by Grinder for 3 turns
  1520 | D:3      | Slain by Grinder

Illustrated notes

Levels and vault maps discovered:
D:1:      dreamdust_arrival_beginning_and_end, layout_basic, minmay_pentomino_r2
D:2:      layout_basic
D:3:      layout_loops_cross, hangedman_decor_push, uniq_grinder

Skill      XL: |  1  2 |
---------------+-------+-----
Long Blades    | 4 |  4.7
Fighting       | 4 |  4.2
Armour         | |  2.7
Dodging        | |  2.7

Action                     || total
---------------------------++-------
  Melee: Falchion          ||    98
         Headbutt          ||    13
    Use: Potion            ||     4
         Scroll            ||     1
 Armour: Animal skin       ||    73
  Dodge: Dodged            ||    59

Table legend: (Time is in decaauts)
 A = Elapsed time spent in this place.
 B = Non-inter-level travel time spent in this place.
 C = Inter-level travel time spent in this place.
 D = Time resting spent in this place.
 E = Time spent auto-exploring this place.
 F = Levels seen in this place.
 G = Mean time per level.
                   A        B        C        D        E       F      G
               +--------+--------+--------+--------+--------+-----+--------+
         Total |   1527 |   1495 |     32 |      0 |    538 |   3 |  509.0 |
       Dungeon |   1527 |   1495 |     32 |      0 |    538 |   3 |  509.0 |
               +--------+--------+--------+--------+--------+-----+--------+

Top non-repeatable levels by time:
     D:1: 1048 daAuts
     D:2: 327 daAuts
     D:3: 151 daAuts
